AoeStats
← 文風

African Clearing

510417196Analyzed
4v4 RM · 9h ago on Sep 30, 2026· 28m 35s· 8 players
Game mode
Random Map
Map size
Large (8 player)
Population
200
Speed
Normal
Resources
Standard
Victory
Conquest
Starting age
Dark Age
Ending age
Imperial Age
RankedLock teamsTeams togetherTeam positionsShared explorationLock speedFull tech treeHidden civsTurbo modeCheats
Victory
Defeat
🇩🇪 Varangians · Germany
1579
+12
🇩🇪 Spanish · Germany
1514
+15
🇩🇪 Magyars · Germany
1351
+22
🇩🇪 Malay · Germany
1288
+27
🇨🇦 Huns · Canada
1502
-19
🇭🇰 Khmer · Hong Kong SAR China
1487
-18
🇦🇺 Dravidians · Australia
1475
-18
🇺🇸 Poles · United States
1473
-18
mikeymazko
12:47 Loom
14:33 Feudal Age
16:40 Double-Bit Axe
19:29 Castle Age
19:36 Fletching
22:56 Bodkin Arrow
24:11 Bow Saw
25:49 Horse Collar
28:53 Wheelbarrow
28:23 Town Watch
GAX | This Game Isnt Fun
5:16 Loom
12:07 Feudal Age
17:03 Castle Age
16:41 Double-Bit Axe
17:33 Fletching
19:47 Bodkin Arrow
文風
12:15 Feudal Age
12:46 Double-Bit Axe
15:09 Scale Barding Armor
16:40 Horse Collar
19:50 Loom
23:21 Castle Age
24:35 Bow Saw
24:28 Husbandry
gifted
2:43 Loom
13:05 Feudal Age
18:25 Castle Age
16:42 Double-Bit Axe
20:37 Fishing Lines
21:12 Horse Collar
24:20 Wheelbarrow
24:47 Bow Saw
SenF_Nemo_
13:32 Feudal Age
14:51 Loom
27:24 Castle Age
26:11 Scale Barding Armor
26:27 Forging
26:32 Double-Bit Axe
26:29 Horse Collar
27:09 Scale Barding Armor
Ghost
4:42 Loom
12:45 Feudal Age
18:26 Wheelbarrow
18:21 Scale Barding Armor
18:01 Horse Collar
23:51 Castle Age
22:49 Double-Bit Axe
24:41 Town Watch
26:00 Elite Skirmisher
KeremS
13:44 Feudal Age
14:42 Loom
14:48 Loom
18:21 Castle Age
16:09 Double-Bit Axe
17:11 Horse Collar
17:32 Stone Mining
17:36 Gold Mining
23:04 Bloodlines
23:53 Forging
24:40 Husbandry
26:53 Scale Barding Armor
29:02 Bow Saw
Breznsoiza
10:37 Loom
12:56 Feudal Age
16:52 Castle Age
15:49 Double-Bit Axe
21:29 Horse Collar
22:11 Bow Saw
Connection lost

Rejoining the realm…

Still unreachable

The connection could not be restored.

Session expired

The server has moved on; the page needs a fresh start.